 Dungeon Crawl Stone Soup version 0.20-a0-926-g560771d (webtiles) character file.

247 Rrauwl the Slasher (level 6, -2/48 HPs)
             Began as a Barachi Monk on Mar 28, 2017.
             Was an Elder of Lugonu.
             Slain by a worker ant (3 damage)
             ... on level 4 of the Dungeon.
             The game lasted 00:13:13 (3309 turns).

Rrauwl the Slasher (Barachi Monk)                   Turns: 3309, Time: 00:13:14

Health: -2/48      AC: 11    Str:  8 (10) XL:     6   Next: 11%
Magic:  6/6        EV: -2    Int: 12      God:    Lugonu [****..]
Gold:   98         SH:  6    Dex: 14 (15) Spells: 3/5 levels left

rFire    + . .     SeeInvis .   a - +1 falchion
rCold    + . .     Gourm    .   n - +0 shield
rNeg     . . .     Faith    .   e - +1 plate armour
rPois    +         Spirit   .   (no helmet)
rElec    +         Reflect  .   (no cloak)
rCorr    +         Harm     .   (no gloves)
MR       +....                  (no boots)
Stlth    ..........             (no amulet)
Regen    0.2/turn               d - ring of protection from magic
MPRegen  0.1/turn               (no ring)

@: lethally poisoned (-2 -> -9), resistant, slow
A: +LOS, swims, claws 1, electricity resistance, slowness 1, weak 1, strong legs
1
a: Hop, Depart the Abyss, Bend Space, Banish, Corrupt, Renounce Religion


You were on level 4 of the Dungeon.
You worshipped Lugonu.
Lugonu was greatly pleased with you.
You were not hungry.

You visited 1 branch of the dungeon, and saw 4 of its levels.

You collected 98 gold pieces.

Inventory:

Hand Weapons
 a - a +1 falchion (weapon)
Missiles
 h - 16 arrows
 l - 17 bolts
Armour
 e - a +1 plate armour (worn)
 n - a +0 shield (worn)
Jewellery
 d - a ring of protection from magic (left claw)
Scrolls
 b - a scroll of enchant weapon
 g - a scroll of teleportation
 k - a scroll of identify
Books
 j - a book of Minor Magic

   Spells                             Type                      Level
   a - Magic Dart                     Conjuration                  1
   b - Blink                          Translocation                2
   c - Call Imp                       Summoning                    2
   d - Slow                           Hexes                        2
   e - Conjure Flame                  Conjuration/Fire             3
   f - Mephitic Cloud                 Conjuration/Poison/Air       3
Comestibles
 c - 3 bread rations
 f - 2 royal jellies
 m - a chunk of flesh


   Skills:
 - Level 4.0 Fighting
 + Level 6.9 Long Blades
 - Level 2.0 Armour
 - Level 4.0 Dodging
 - Level 2.0 Stealth


You had 3 spell levels left.
You knew the following spells:

 Your Spells              Type           Power        Failure   Level  Hunger
a - Blink                 Tloc           N/A          100%        2    ###....


Dungeon Overview and Level Annotations

Branches:
Dungeon (4/15)
 Temple: D:4-7

Altars:
Trog
Lugonu

Shops:
D:4 }


Innate Abilities, Weirdness & Mutations

Shadows flee at your approach. (+LOS)
You can swim through water.
You cover ground slowly.
You can hop short distances.
You have sharp fingernails.
You are resistant to electric shocks. (rElec)
You are weak. (Str -2)


Message History

You block the worker ant's attack.
You hit the worker ant but do no damage.
The worker ant is severely wounded.
* * * LOW HITPOINT WARNING * * *
You feel sick. The worker ant bites you.
* * * LOW HITPOINT WARNING * * *
You feel protected.
* * * LOW HITPOINT WARNING * * *
You feel sick. The worker ant bites you.
* * * LOW HITPOINT WARNING * * *
Your plate armour prevents you from hitting the worker ant.
The worker ant is severely wounded.
* * * LOW HITPOINT WARNING * * *
You feel sick.
The worker ant bites you but does no damage.
Your shield and plate armour prevent you from hitting the worker ant.
The worker ant is severely wounded.
* * * LOW HITPOINT WARNING * * *
You feel sick. The worker ant bites you.
You die...

...o #... .... #... .l.
#... #a. #... ##### #.#
.......# #...# #o#
#..###.. #...###.# # ###
#.....#.####### #
#..........la@# .##
#....##.####### ..#
####....# . #.# ###..##
.# #.# ##..## . #.#
#...######### #. #.#
#.............##.#####.#
###......## #..........#
############....#....
......##..#


You could see a worker ant and a frilled lizard.

Vanquished Creatures
  An orc priest (D:3)
  Terence (D:2)
  2 worker ants (D:4)
  5 adders
  An ooze (D:3)
  5 dart slugs
  4 leopard geckos
  12 orcs
  2 giant cockroaches
  5 goblins
  10 hobgoblins
  A jackal (D:1)
  3 quokkas
  A ball python (D:2)
  8 bats
  2 frilled lizards
  4 kobolds
  5 rats
72 creatures vanquished.

Notes
Turn   | Place    | Note
-------+----------+-------------------------------------------
     0 | D:1      | Rrauwl the Barachi Monk began the quest for the Orb.
     0 | D:1      | Reached XP level 1. HP: 18/18 MP: 1/1
   161 | D:1      | Reached XP level 2. HP: 22/25 MP: 2/2
   427 | D:1      | Reached XP level 3. HP: 30/30 MP: 3/3
   481 | D:1      | Reached skill level 4 in Long Blades
   701 | D:2      | Noticed Terence
   733 | D:2      | Killed Terence
   733 | D:2      | Reached skill level 1 in Armour
   733 | D:2      | Reached XP level 4. HP: 30/37 MP: 4/4
  1456 | D:3      | Found a faded altar of an unknown god.
  1463 | D:3      | Became a worshipper of Lugonu the Unformed
  1463 | D:3      | Reached * piety under Lugonu
  1463 | D:3      | Reached ** piety under Lugonu
  1463 | D:3      | Reached *** piety under Lugonu
  1544 | D:3      | Reached skill level 5 in Long Blades
  1544 | D:3      | Reached XP level 5. HP: 11/42 MP: 5/5
  1587 | D:3      | Reached **** piety under Lugonu
  1662 | D:3      | Gained mutation: You are weak. (Str -2) [potion of mutation]
  1662 | D:3      | Gained mutation: You are resistant to electric shocks. (rElec) [potion of mutation]
  1662 | D:3      | Gained mutation: You have sharp fingernails. [potion of mutation]
  2549 | D:3      | Reached skill level 6 in Long Blades
  2577 | D:3      | Found a bloodstained altar of Trog.
  3213 | D:4      | Learned a level 2 spell: Blink
  3247 | D:4      | Reached XP level 6. HP: 36/48 MP: 6/6
  3282 | D:4      | Found Ole Lopn's Gadget Emporium.
  3308 | D:4      | HP: 2/48 [poisoned by a worker ant]
  3309 | D:4      | Slain by a worker ant

Vault maps used:
D:1:      dpeg_arrival_round_c
D:2:      first_bread, uniq_terence
D:3:      lightli_temple_of_fire, chequers_ecumenical_altar_simple
D:4:      serial_shops, shop

Skill      XL: |  1  2  3  4  5 |
---------------+----------------+-----
Stealth        | 2 |  2.0
Fighting       | 4 |  4.0
Long Blades    | 4 5 6 |  6.9
Dodging        | 4 |  4.0
Armour         | 1 2 |  2.0

Action                   |  1- 3 |  4- 6 || total
-------------------------+-------+-------++-------
Melee: Falchion          |   128 |   304 ||   432
Invok: Bend Space        |       |     1 ||     1
 Abil: Hop               |       |     1 ||     1
  Use: Potion            |     3 |    10 ||    13
       Scroll            |     3 |     4 ||     7
 Stab: Sleeping          |     1 |       ||     1
  Eat: Chunk             |       |     5 ||     5
       Meat ration       |       |     1 ||     1
Armor: Plate armour      |   113 |   218 ||   331
Dodge: Dodged            |    18 |     4 ||    22
Block: Shield            |    15 |    95 ||   110
       Rpst.: Falchion   |     4 |     2 ||     6
